 Dungeon Crawl Stone Soup version 0.27-a0-1206-g6342a01c75 (webtiles) character file.

Game seed: 9377007986955739885

7 Glokmah the Insei (level 2, 0/22 HPs)
             Began as a Djinni Transmuter on June 5, 2021.
             Slain by an adder (3 damage)
             ... on level 2 of the Dungeon.
             The game lasted 00:00:57 (835 turns).

Glokmah the Insei (Djinni Transmuter)                Turns: 835, Time: 00:00:57

Health: 0/22       AC:  2    Str:  9    XL:     2   Next: 5%
Gold:   58         EV: 12    Int: 14    God:
                   SH:  0    Dex: 13

rFire    + + .     SeeInvis .     - Unarmed
rCold    x . .     Faith    .   (no shield)
rNeg     . . .     Spirit   .   a - +0 robe
rPois    ∞         Reflect  .   (helmet currently unavailable)
rElec    .         Harm     .   (no cloak)
rCorr    .         Rampage  .   (no gloves)
Will     .....                  (boots unavailable)
Stlth    +.........             (no amulet)
HPRegen  0.07/turn              (no ring)
MPRegen  0.00/turn              (no ring)

@: appendages, flying
A: horns 2, flying, sickness immunity, fire resistance 2, cold vulnerability 1,
float, innate caster, hp casting, extra vitality 1
a: End Transformation


You were on level 2 of the Dungeon.
You had temporarily grown beastly horns.
You visited 1 branch of the dungeon, and saw 2 of its levels.

You collected 58 gold pieces.

Inventory:

Missiles
 d - 20 stones
Armour
 a - a +0 robe (worn)
Potions
 b - a potion of brilliance {unknown}
 c - a potion of degeneration {unknown}
 e - a potion of mutation {unknown}


   Skills:
 + Level 1.2 Fighting
 - Level 2.1 Dodging
 * Level 3.2 Unarmed Combat
 + Level 1.7 Spellcasting


You couldn't memorise any spells.
You knew the following spells:

 Your Spells              Type           Power      Damage    Failure   Level
a - Beastly Appendage     Tmut           10%        N/A       12%         1
b - Wereblood             Tmut           5%         N/A       19%         2
c - Spider Form           Tmut/Pois      2%         N/A       36%         3
d - Ice Form              Ice/Tmut       5%         N/A       77%         4
e - Hydra Form            Tmut           2%         N/A       98%         5
Your spell library was empty.

Dungeon Overview and Level Annotations

Branches:
Dungeon (2/15)

Altars:


Innate Abilities, Weirdness & Mutations

You have temporarily grown beastly horns.
You are flying.
You are immune to sickness and miasma.
You are immune to poison.
Your flesh is very heat resistant. (rF++)
You are vulnerable to cold. (rC-)
You float through the air rather than walking.
You learn spells naturally, not from books.
Your magical power is your life essence.
You have superior vitality. (+4 HP)


Message History

You barely miss the giant cockroach. The giant cockroach barely misses you.
You barely miss the giant cockroach. The giant cockroach barely misses you.
You hit the giant cockroach.
The giant cockroach is heavily wounded.
Your transformation is almost over.
The giant cockroach barely misses you.
You hit the giant cockroach.
Your headbutt misses the giant cockroach.
The giant cockroach is almost dead.
The giant cockroach closely misses you.
You hit the giant cockroach.
You kill the giant cockroach!
You have reached level 2!
You miss the adder. The adder closely misses you.
You barely miss the adder. The adder closely misses you.
You hit the adder but do no damage. The adder bites you. The adder misses you.
You barely miss the adder. The adder barely misses you.
You closely miss the adder. Your headbutt misses the adder.
The adder bites you.
You hit the adder.
The adder is lightly wounded.
The adder bites you but does no damage.
You barely miss the adder.
The adder is lightly wounded.
The adder bites you but does no damage. The adder closely misses you.
You completely miss the adder. Your headbutt misses the adder.
The adder is lightly wounded.
Your horns disappear.
The adder bites you.
You barely miss the adder.
The adder is lightly wounded.
The adder bites you.
Casting: Beastly Appendage (safe; 12% risk of failure)
Confirm with . or Enter, or press ? or * to list all spells.
You grow a pair of large bovine horns.
The adder bites you.
* * * LOW HITPOINT WARNING * * *
You hit the adder. Your headbutt misses the adder.
The adder is heavily wounded.
The adder bites you.
You die...

#.#.........#
#.#'#######.#
#.....## #.#
#......# #.#
#......# #<#
#......######
#........#
#.######.#
#@# ...# #S#
.....
#.##......
#..'...S..
####......
..... ....
... ..


You could see an adder.

Vanquished Creatures
  A giant cockroach (D:2)
  2 bats
  A frilled lizard (D:1)
  A kobold (D:1)
  3 rats (D:1)
8 creatures vanquished.

Vanquished Creatures (others)
  2 withered plants (D:2)
2 creatures vanquished.

Grand Total: 10 creatures vanquished

Notes
Turn   | Place    | Note
-------+----------+-------------------------------------------
     0 | D:1      | Glokmah the Djinni Transmuter began the quest for the Orb.
     0 | D:1      | Reached XP level 1. HP: 17/17 MP: 0/0
   825 | D:2      | Reached XP level 2. HP: 21/22 MP: 0/0
   835 | D:2      | Slain by an adder

Illustrated notes

Levels and vault maps discovered:
D:1:      ncdulo_wetmaze, layout_loops_ring
D:2:      minmay_chambers_of_twos, layout_basic, serial_undead, serial_undead_b,
          serial_undead_b, serial_undead_b, serial_undead_b, uniq_terence,
          uniq_jessica

Action                   || total
-------------------------++-------
Melee: Unarmed           ||    35
       Headbutt          ||     2
 Cast: Beastly Appendage ||     9
Armor: Robe              ||    10
Dodge: Dodged            ||    33

Table legend: (Time is in decaauts)
 A = Elapsed time spent in this place.
 B = Non-inter-level travel time spent in this place.
 C = Inter-level travel time spent in this place.
 D = Time resting spent in this place.
 E = Time spent auto-exploring this place.
 F = Levels seen in this place.
 G = Mean time per level.
                   A        B        C        D        E       F      G
               +--------+--------+--------+--------+--------+-----+--------+
         Total |    834 |    785 |     49 |      0 |    667 |   2 |  417.0 |
       Dungeon |    834 |    785 |     49 |      0 |    667 |   2 |  417.0 |
               +--------+--------+--------+--------+--------+-----+--------+

Top non-repeatable levels by time:
     D:1: 770 daAuts
     D:2: 64 daAuts
